 Dungeon Crawl Stone Soup version 0.18-a0-1721-gc4d1f22 (webtiles) character file.

428 incide the Covered (level 6, 0/44 HPs)
             Began as a Demonspawn Gladiator on Apr 9, 2016.
             Succumbed to a scorpion's poison
             ... in an ossuary.
             The game lasted 00:06:49 (2840 turns).

incide the Covered (Demonspawn Gladiator)           Turns: 2840, Time: 00:06:49

Health: 0/44       AC: 16    Str: 18    XL:     6   Next: 65%
Magic:  6/6        EV:  7    Int:  9    God:
Gold:   124        SH:  0    Dex: 17    Spells: 0 memorised, 5 levels left

rFire  . . .     SeeInvis .     m - +0 war axe
rCold  . . .     Gourm    .     e - +0 plate armour
rNeg   . . .     Faith    .     (no shield)
rPois  .         Spirit   .     c - +0 helmet
rElec  .         Dismiss  .     (no cloak)
rCorr  .         Reflect  .     n - +2 pair of gloves
SustAt .         Harm     .     (no boots)
MR     .....                    (no amulet)
Stlth  ..........               (no ring)
                                k - ring of loudness (curse)

@: lethally poisoned (0 -> -4), not resistant to hostile enchantments, extremely
unstealthy
A: thin skeletal structure 2, powered by death 2
a: no special abilities


You were in an ossuary.
You were very hungry.

You visited 1 branch of the dungeon, and saw 4 of its levels.
You also visited: Ossuary.

You collected 124 gold pieces.

Inventory:

Hand Weapons
 b - a cursed -3 dagger
 m - a +0 war axe (weapon)
Missiles
 d - 3 throwing nets (quivered)
Armour
 c - a +0 helmet (worn)
 e - a +0 plate armour (worn)
 n - a +2 pair of gloves (worn)
 o - a +0 large shield
Jewellery
 k - a cursed ring of loudness (left hand)
Scrolls
 h - 2 scrolls of remove curse {unknown}
 j - a scroll of recharging {unknown}
 l - 3 scrolls of identify {unknown}
 p - a scroll of teleportation {unknown}
Potions
 i - a potion of ambrosia {unknown}
Comestibles
 f - 2 bread rations
 g - a meat ration


   Skills:
 - Level 2.0 Fighting
 - Level 4.2 Axes
 - Level 1.7 Throwing
 + Level 5.3 Armour
 - Level 2.6 Dodging


You had 5 spell levels left.
You didn't know any spells.

Dungeon Overview and Level Annotations

Branches:
Dungeon (4/15)
 Temple: D:4-7

Altars:
Nemelex Xobeh
The Shining One


Innate Abilities, Weirdness & Mutations

You have a moderately thin skeletal structure (Dex +4, Stealth+).
You regenerate health from kills.


Message History

The scorpion stings you but does no damage.
You are too injured to fight recklessly!
You are too injured to fight recklessly!
You are too injured to fight recklessly!
You are too injured to fight recklessly!
You are too injured to fight recklessly!
You are too injured to fight recklessly!
You are too injured to fight recklessly!
You are too injured to fight recklessly!
You are too injured to fight recklessly!
You are too injured to fight recklessly!
You are too injured to fight recklessly!
You are too injured to fight recklessly!
You are too injured to fight recklessly!
You are too injured to fight recklessly!
Drink which item? (? for menu, Esc to quit)
It was a potion of cure mutation.
It has a very clean taste.
You feel sick. The scorpion stings you.
* * * LOW HITPOINT WARNING * * *
You die...

#...8...#..=###8.....8###
#.......#??M#...........#
##8...8######...†.......#
#.......#.^^#.....8.....#
#...8...#...†.....#.....#
#...#...#...#.....#.....#
##'#######'###########'##
#..^#...#...#..^#...#...#
#...'...8...#^.^@...'...#
#..^#.......#.^^#...#...#
######8...8###s##########
#!.M#.......#...# #M".#
#?.!#...8...#...8...#..!#
#!?!#...#...#.......#???#
##+###########8.s.8###+##
.......# ...8...+


You could see a scorpion.

Vanquished Creatures
  4 scorpions (Ossuary)
  2 human zombies (Ossuary)
  A big kobold zombie (Ossuary)
  6 adders
  2 scorpion zombies (Ossuary)
  An ooze (D:2)
  4 worms
  2 dart slugs (D:2)
  2 giant geckos (D:1)
  2 orcs (D:3)
  A ball python (D:2)
  7 bats
  5 giant cockroaches
  A gnoll zombie (Ossuary)
  6 hobgoblins
  3 giant newts
  4 goblins
  A goblin zombie (Ossuary)
  A hobgoblin zombie (Ossuary)
  5 kobolds
  2 orc zombies (Ossuary)
  5 rats
67 creatures vanquished.

Vanquished Creatures (others)
  A mummy (Ossuary)
1 creature vanquished.

Grand Total: 68 creatures vanquished

Notes
Turn   | Place    | Note
--------------------------------------------------------------
     0 | D:1      | incide the Demonspawn Gladiator began the quest for the Orb.
     0 | D:1      | Reached XP level 1. HP: 16/16 MP: 1/1
   247 | D:1      | Gained mutation: You have a somewhat thin skeletal structure (Dex +2, Stealth). [demonic ancestry]
   247 | D:1      | Reached XP level 2. HP: 21/22 MP: 2/2
   781 | D:2      | Gained mutation: You have a moderately thin skeletal structure (Dex +4, Stealth+). [demonic ancestry]
   781 | D:2      | Reached XP level 3. HP: 26/27 MP: 3/3
  1544 | D:2      | Reached skill level 1 in Armour
  1746 | D:2      | Gained mutation: You regenerate a little health from kills. [demonic ancestry]
  1746 | D:2      | Reached XP level 4. HP: 33/33 MP: 4/4
  1948 | D:3      | Reached skill level 2 in Armour
  1954 | D:3      | Found a sparkling altar of Nemelex Xobeh.
  2179 | D:3      | Found a glowing golden altar of the Shining One.
  2204 | D:4      | Noticed a slave
  2204 | D:4      | Noticed a slave
  2204 | D:4      | Noticed a slave
  2204 | D:4      | Noticed a slave
  2272 | D:4      | Noticed a phantom
  2290 | D:4      | Found a sand-covered staircase.
  2299 | Ossuary  | Entered an ossuary
  2386 | Ossuary  | Reached skill level 3 in Armour
  2386 | Ossuary  | Gained mutation: You regenerate health from kills. [demonic ancestry]
  2386 | Ossuary  | Reached XP level 5. HP: 22/38 MP: 5/5
  2638 | Ossuary  | Reached skill level 4 in Armour
  2703 | Ossuary  | Reached XP level 6. HP: 40/44 MP: 6/6
  2829 | Ossuary  | Reached skill level 5 in Armour
  2839 | Ossuary  | HP: 1/44 [scorpion (5)]
  2840 | Ossuary  | Succumbed to a scorpion's poison

Vault maps used:
D:1:      saegor_arrival_simple_a
D:2:      first_bread, minmay_misc_feat_ornament
D:3:      lemuel_crystal_altar, lemuel_crystal_altar
D:4:      nicolae_ossuary_entry_ruins, uniq_pikel
Ossuary:  ossuary_minmay_scorpions

Skill      XL: |  1  2  3  4  5  6 |
---------------+-------------------+-----
Axes           | 3 4 |  4.2
Armour         | 1 3 4 5 |  5.3
Fighting       | |  2.0
Throwing       | |  1.7
Dodging        | |  2.6

Action                   |  1- 3 |  4- 6 || total
-------------------------+-------+-------++-------
Melee: War axe           |   143 |   215 ||   358
  Use: Potion            |     4 |     1 ||     5
  Eat: Meat ration       |     1 |       ||     1
       Fruit             |     1 |       ||     1
